3AA
BILLINGS POLAR BEARS @ OTTAWA NATIONALS
08/18/2031
 
TOP OF THE 1ST
Billings Polar Bears batting - Pitching for Ottawa Nationals : RHP Chris Kuhn
Pitching: RHP Chris Kuhn
Batting: SHB Jorge Alou 0-0: Ball
1-0: SINGLE (Groundball, 4D)
Batting: LHB Mark Armstead 0-0: Called Strike
0-1: Ball
1-1: Foul Ball, location: 2F
1-2: Ball
2-2: SINGLE (Groundball, 34D)
Jorge Alou to second
Runner from 2nd tries for 3rd, SAFE, throw made to third
Batting: LHB Juan Alvarado 0-0: Ball
Mark Armstead steals 2nd base
1-0: Ball
2-0: Foul Ball, location: 2F
2-1: Ball
3-1: Base on Balls
Batting: SHB Kilipaki Malamapono 0-0: Ball
1-0: Swinging Strike
1-1: Fly out, F9 (Flyball, 9LMF)
Runner from 3rd tags up, SCORES, no throw
Batting: RHB Jun Kung 0-0: Foul Ball, location: 2F
0-1: Ball
1-1: Foul Ball, location: 2F
1-2: Ball
2-2: Foul Ball, location: 2F
2-2: Strikes out looking
Batting: LHB Atro Jarvilehto 0-0: Called Strike
0-1: Ball
1-1: TRIPLE (Line Drive, 7D)
Mark Armstead scores
Juan Alvarado scores
Batting: LHB Mo-ruo Teoh 0-0: Ball
1-0: Called Strike
1-1: Foul Ball, location: 2F
1-2: Fly out, F8 (Flyball, 8LD)
Top of the 1st over - 3 runs, 3 hits, 0 errors, 1 left on base; Billings 3 - Ottawa 0
BOTTOM OF THE 1ST
Ottawa Nationals batting - Pitching for Billings Polar Bears : RHP Eduardo Díaz
Pitching: RHP Eduardo Díaz
Batting: RHB Tomás Bermúdez 0-0: Ball
1-0: Swinging Strike
1-1: Foul Ball, location: 2F
1-2: Ground out U3 (Groundball, 34)
Batting: RHB Júlio Robles 0-0: SINGLE (Groundball, 56D)
Batting: RHB Mike Jennings 0-0: Swinging Strike
0-1: Ball
1-1: Foul Ball, location: 2F
1-2: Ground out 4-3 (Groundball, 4S)
Júlio Robles to second
Batting: LHB Alan Shaw 0-0: Ball
1-0: Foul Ball, location: 2F
1-1: Called Strike
1-2: Ground out U3 (Groundball, 3)
Bottom of the 1st over - 0 runs, 1 hit, 0 errors, 1 left on base; Billings 3 - Ottawa 0
TOP OF THE 2ND
Billings Polar Bears batting - Pitching for Ottawa Nationals : RHP Chris Kuhn
Batting: RHB Juan Rico 0-0: Ball
1-0: Foul Ball, location: 2F
1-1: Fly out, F7 (Flyball, 7S)
Batting: RHB Karsten Naarden 0-0: Ball
1-0: Called Strike
1-1: Ball
2-1: DOUBLE (Line Drive, 7LM)
Batting: SHB Jorge Alou 0-0: Ball
Wild Pitch!
Karsten Naarden to third
1-0: Ball
2-0: Called Strike
2-1: Foul Ball, location: 2F
2-2: Foul Ball, location: 2F
2-2: Strikes out swinging
Batting: LHB Mark Armstead 0-0: Called Strike
0-1: Foul Ball, location: 2F
0-2: Foul Ball, location: 2F
0-2: Foul Ball, location: 2F
0-2: Ball
1-2: Fly out, F5 (Line Drive, 56)
Top of the 2nd over - 0 runs, 1 hit, 0 errors, 1 left on base; Billings 3 - Ottawa 0
BOTTOM OF THE 2ND
Ottawa Nationals batting - Pitching for Billings Polar Bears : RHP Eduardo Díaz
Batting: RHB Juan Román 0-0: Ball
1-0: Called Strike
1-1: Ball
2-1: Foul Ball, location: 2F
2-2: SOLO HOME RUN (Flyball, 89XD), Distance : 401 ft
Batting: RHB Gerald Mills 0-0: Called Strike
0-1: Ball
1-1: Bunt missed!
1-2: Fly out, F5 (Popup, 5S)
Batting: RHB Pancho Rodríguez 0-0: Called Strike
0-1: Called Strike
0-2: Ball
1-2: Ball
2-2: Ground out 6-3 (Groundball, 6M)
Batting: LHB Jesús Mancía 0-0: Ball
1-0: Ball
2-0: Called Strike
2-1: Fly out, F5 (Line Drive, 5S)
Bottom of the 2nd over - 1 run, 1 hit, 0 errors, 0 left on base; Billings 3 - Ottawa 1
TOP OF THE 3RD
Billings Polar Bears batting - Pitching for Ottawa Nationals : RHP Chris Kuhn
Batting: LHB Juan Alvarado 0-0: Ball
1-0: Swinging Strike
1-1: Foul Ball, location: 2F
1-2: Strikes out swinging
Batting: SHB Kilipaki Malamapono 0-0: Fly out, F8 (Flyball, 8LM)
Batting: RHB Jun Kung 0-0: Called Strike
0-1: Ball
1-1: Foul Ball, location: 2F
1-2: Strikes out swinging
Top of the 3rd over - 0 runs, 0 hits, 0 errors, 0 left on base; Billings 3 - Ottawa 1
BOTTOM OF THE 3RD
Ottawa Nationals batting - Pitching for Billings Polar Bears : RHP Eduardo Díaz
Batting: SHB Anthon Klomp 0-0: Ball
1-0: Ball
2-0: Ball
3-0: Swinging Strike
3-1: Called Strike
3-2: Fly out, F8 (Flyball, 89D)
Batting: RHB Tomás Bermúdez 0-0: Ball
1-0: Swinging Strike
1-1: Reached on error, E6 (Groundball, 6)
Batting: RHB Júlio Robles 0-0: Ball
1-0: Ball
2-0: Called Strike
2-1: Ball
3-1: Base on Balls
Batting: RHB Mike Jennings 0-0: Called Strike
0-1: Called Strike
0-2: Ball
1-2: Ball
2-2: Ball
3-2: Strikes out swinging
Batting: LHB Alan Shaw 0-0: Ball
1-0: Called Strike
1-1: Foul Ball, location: 2F
1-2: Ground out 4-3 (Groundball, 34)
Bottom of the 3rd over - 0 runs, 0 hits, 1 error, 2 left on base; Billings 3 - Ottawa 1
TOP OF THE 4TH
Billings Polar Bears batting - Pitching for Ottawa Nationals : RHP Chris Kuhn
Batting: LHB Atro Jarvilehto 0-0: Called Strike
0-1: Called Strike
0-2: Foul Ball, location: 2F
0-2: Ball
1-2: Fly out, F5 (Popup, 5L)
Batting: LHB Mo-ruo Teoh 0-0: Ball
1-0: Ball
2-0: Called Strike
2-1: Foul Ball, location: 2F
2-2: Strikes out swinging
Batting: RHB Juan Rico 0-0: SINGLE (Groundball, 4MD)
Pitching: LHP Ken Clarke
Batting: RHB Karsten Naarden 0-0: Ball
1-0: Ball
2-0: Ball
3-0: Base on Balls
Juan Rico to second
Batting: SHB Jorge Alou 0-0: Called Strike
0-1: Ball
1-1: Foul Ball, location: 2F
1-2: Ball
2-2: Foul Ball, location: 2F
2-2: Fly out, F4 (Flyball, 34D)
Top of the 4th over - 0 runs, 1 hit, 0 errors, 2 left on base; Billings 3 - Ottawa 1
BOTTOM OF THE 4TH
Ottawa Nationals batting - Pitching for Billings Polar Bears : RHP Eduardo Díaz
Batting: RHB Juan Román 0-0: Swinging Strike
0-1: Ball
1-1: Swinging Strike
1-2: SOLO HOME RUN (Line Drive, 7LD), Distance : 356 ft
Batting: RHB Gerald Mills 0-0: Swinging Strike
0-1: Ball
1-1: Ball
2-1: Called Strike
2-2: Strikes out looking
Batting: RHB Pancho Rodríguez 0-0: Foul Ball, location: 2F
0-1: Ball
1-1: Foul Ball, location: 2F
1-2: SINGLE (Groundball, 56D)
Batting: LHB Jesús Mancía 0-0: Ball
1-0: Foul Ball, location: 2F
1-1: Called Strike
1-2: Ball
Wild Pitch!
Pancho Rodríguez to second
2-2: Ball
3-2: Foul Ball, location: 2F
3-2: Strikes out swinging
Batting: SHB Anthon Klomp 0-0: Fly out, F8 (Flyball, 8LD)
Bottom of the 4th over - 1 run, 2 hits, 0 errors, 1 left on base; Billings 3 - Ottawa 2
TOP OF THE 5TH
Billings Polar Bears batting - Pitching for Ottawa Nationals : LHP Ken Clarke
Batting: LHB Mark Armstead 0-0: Ball
1-0: Ball
2-0: Ball
3-0: Called Strike
3-1: Base on Balls
Batting: LHB Juan Alvarado 0-0: Ball
1-0: Ball
2-0: Foul Ball, location: 2F
2-1: Ball
3-1: Swinging Strike
3-2: Ground out U3 (Groundball, 3S)
Mark Armstead to second
Batting: SHB Kilipaki Malamapono 0-0: Ball
1-0: TRIPLE (Flyball, 89XD)
Mark Armstead scores
Batting: RHB Jun Kung 0-0: Foul Ball, location: 2F
0-1: Called Strike
0-2: Ball
1-2: Ball
2-2: Foul Ball, location: 2F
2-2: Foul Ball, location: 2F
2-2: Ground out U3 (Groundball, 34)
Kilipaki Malamapono scores
Batting: LHB Atro Jarvilehto 0-0: Ball
1-0: Swinging Strike
1-1: Foul Ball, location: 2F
1-2: Ground out 5-3 (Groundball, 5)
Top of the 5th over - 2 runs, 1 hit, 0 errors, 0 left on base; Billings 5 - Ottawa 2
BOTTOM OF THE 5TH
Ottawa Nationals batting - Pitching for Billings Polar Bears : RHP Eduardo Díaz
Batting: RHB Tomás Bermúdez 0-0: Ball
1-0: Foul Ball, location: 2F
1-1: Ball
2-1: Fly out, F6 (Line Drive, 6M)
Batting: RHB Júlio Robles 0-0: Ball
1-0: Ground out 5-3 (Groundball, 56)
Batting: RHB Mike Jennings 0-0: Ball
1-0: Called Strike
1-1: Called Strike
1-2: Foul Ball, location: 2F
1-2: Strikes out swinging
Bottom of the 5th over - 0 runs, 0 hits, 0 errors, 0 left on base; Billings 5 - Ottawa 2
TOP OF THE 6TH
Billings Polar Bears batting - Pitching for Ottawa Nationals : LHP Ken Clarke
Batting: LHB Mo-ruo Teoh 0-0: Ball
1-0: Ball
2-0: Foul Ball, location: 2F
2-1: Called Strike
2-2: SINGLE (Flyball, 7S)
Batting: RHB Juan Rico 0-0: Called Strike
0-1: Ball
1-1: Ball
2-1: Foul Ball, location: 2F
2-2: Ball
Mo-ruo Teoh steals 2nd base
3-2: SINGLE (Groundball, 6MD)
Mo-ruo Teoh to third
Runner from 3rd tries for Home, SAFE, no throw
Pitching: RHP Charles Repka
Batting: RHB Karsten Naarden 0-0: Ball
1-0: SINGLE (Groundball, 56D)
Juan Rico to second
Batting: SHB Jorge Alou 0-0: Ball
1-0: Foul Ball, location: 2F
1-1: Fly out, F7 (Flyball, 7S)
Batting: LHB Mark Armstead 0-0: Ball
1-0: Foul Ball, location: 2F
1-1: Called Strike
1-2: Ball
2-2: Strikes out swinging
Batting: LHB Juan Alvarado 0-0: Swinging Strike
0-1: Ball
1-1: Ball
2-1: Foul Ball, location: 2F
2-2: Foul Ball, location: 2F
2-2: SINGLE (Groundball, 6MD)
Juan Rico to third
Karsten Naarden to second
Runner from 3rd tries for Home, SAFE, no throw
Batting: SHB Kilipaki Malamapono 0-0: Foul Ball, location: 2F
0-1: Called Strike
0-2: Ball
1-2: Ball
2-2: Ball
3-2: SINGLE (Groundball, 5D)
Karsten Naarden to third
Juan Alvarado to second
Karsten Naarden scores
Juan Alvarado to third
Batting: RHB Jun Kung 0-0: Ball
1-0: Called Strike
1-1: Fly out, F7 (Flyball, 7S)
Top of the 6th over - 3 runs, 5 hits, 0 errors, 2 left on base; Billings 8 - Ottawa 2
BOTTOM OF THE 6TH
Ottawa Nationals batting - Pitching for Billings Polar Bears : RHP Eduardo Díaz
Batting: LHB Alan Shaw 0-0: Called Strike
0-1: SINGLE (Flyball, 7LS)
Batting: RHB Juan Román 0-0: Ball
1-0: Called Strike
Alan Shaw steals 2nd base
1-1: Called Strike
1-2: Ball
2-2: Foul Ball, location: 2F
2-2: Foul Ball, location: 2F
2-2: Foul Ball, location: 2F
2-2: Ball
3-2: Base on Balls
Pitching: RHP Stanley Kent
Batting: RHB Gerald Mills 0-0: Fielders Choice at 2nd, 3-6 (Groundball, 34)
Alan Shaw to third
Batting: RHB Pancho Rodríguez 0-0: Ball
1-0: Swinging Strike
1-1: SINGLE (Groundball, 23) (infield hit)
Alan Shaw scores
Gerald Mills to second
Batting: LHB Jesús Mancía 0-0: Called Strike
0-1: Ball
1-1: Ball
2-1: Fielders Choice at 2nd, 4-6 (Groundball, 34)
Gerald Mills to third
Batting: SHB Anthon Klomp 0-0: Ball
1-0: Called Strike
1-1: Foul Ball, location: 2F
1-2: Foul Ball, location: 2F
1-2: Ball
2-2: Strikes out swinging
Bottom of the 6th over - 1 run, 2 hits, 0 errors, 2 left on base; Billings 8 - Ottawa 3
TOP OF THE 7TH
Billings Polar Bears batting - Pitching for Ottawa Nationals : RHP Charles Repka
Batting: LHB Atro Jarvilehto 0-0: Ball
1-0: SINGLE (Line Drive, 9S)
Batting: LHB Mo-ruo Teoh 0-0: Ball
Atro Jarvilehto steals 2nd base
1-0: Ground out 6-3 (Groundball, 6MS)
Atro Jarvilehto to third
Batting: RHB Juan Rico 0-0: Called Strike
0-1: Fly out, F3 (Popup, 3SF)
Batting: RHB Karsten Naarden 0-0: SINGLE (Line Drive, 78M)
Atro Jarvilehto scores
Batting: SHB Jorge Alou 0-0: Ball
Karsten Naarden steals 2nd base
1-0: Ball
2-0: Ball
3-0: Called Strike
3-1: Swinging Strike
3-2: Strikes out swinging
Top of the 7th over - 1 run, 2 hits, 0 errors, 1 left on base; Billings 9 - Ottawa 3
BOTTOM OF THE 7TH
Ottawa Nationals batting - Pitching for Billings Polar Bears : RHP Stanley Kent
Batting: RHB Tomás Bermúdez 0-0: Called Strike
0-1: Ball
1-1: Ground out 5-3 (Groundball, 5L)
Batting: RHB Júlio Robles 0-0: Swinging Strike
0-1: Ball
1-1: Fly out, F8 (Line Drive, 8RD)
Batting: RHB Mike Jennings 0-0: Ball
1-0: Foul Ball, location: 2F
1-1: Swinging Strike
1-2: Strikes out swinging
Bottom of the 7th over - 0 runs, 0 hits, 0 errors, 0 left on base; Billings 9 - Ottawa 3
TOP OF THE 8TH
Billings Polar Bears batting - Pitching for Ottawa Nationals : RHP Charles Repka
Batting: LHB Mark Armstead 0-0: Foul Ball, location: 2F
0-1: Foul Ball, location: 2F
0-2: Ball
1-2: Strikes out swinging
Batting: LHB Juan Alvarado 0-0: Foul Ball, location: 2F
0-1: Ball
1-1: Ball
2-1: Ball
3-1: Ground out 4-3 (Groundball, 34D)
Batting: SHB Kilipaki Malamapono 0-0: Called Strike
0-1: Called Strike
0-2: Strikes out swinging
Top of the 8th over - 0 runs, 0 hits, 0 errors, 0 left on base; Billings 9 - Ottawa 3
BOTTOM OF THE 8TH
Ottawa Nationals batting - Pitching for Billings Polar Bears : RHP Stanley Kent
Batting: LHB Alan Shaw 0-0: Ball
1-0: Ball
2-0: Ball
3-0: Base on Balls
Batting: RHB Juan Román 0-0: Ball
1-0: SINGLE (Flyball, 78M)
Alan Shaw to second
Batting: RHB Gerald Mills 0-0: Ball
Wild Pitch!
Alan Shaw to third
Juan Román to second
1-0: Ball
2-0: DOUBLE (Groundball, 5L)
Alan Shaw scores
Juan Román scores
Pitching: LHP Tadeo Pico
Batting: RHB Pancho Rodríguez 0-0: Ball
1-0: Ball
2-0: Called Strike
2-1: Ball
3-1: Foul Ball, location: 2F
3-2: Strikes out looking
Batting: LHB Jesús Mancía 0-0: Foul Ball, location: 2F
0-1: Swinging Strike
0-2: Ball
1-2: Strikes out looking
Batting: SHB Anthon Klomp 0-0: Ball
1-0: Fly out, F8 (Flyball, 8LM)
Bottom of the 8th over - 2 runs, 2 hits, 0 errors, 1 left on base; Billings 9 - Ottawa 5
TOP OF THE 9TH
Billings Polar Bears batting - Pitching for Ottawa Nationals : RHP Charles Repka
Batting: RHB Jun Kung 0-0: Called Strike
0-1: DOUBLE (Groundball, 5L)
Batting: LHB Atro Jarvilehto 0-0: Foul Ball, location: 2F
0-1: Ball
1-1: Ball
2-1: Ground out 4-3 (Groundball, 4)
Jun Kung to third
Pitching: RHP Luis Sánchez
Batting: LHB Mo-ruo Teoh 0-0: Ball
1-0: Foul Ball, location: 2F
1-1: Foul Ball, location: 2F
1-2: 2-RUN HOME RUN (Flyball, 9D), Distance : 390 ft
Batting: RHB Juan Rico 0-0: Ball
1-0: SINGLE (Groundball, 56D)
Batting: RHB Karsten Naarden 0-0: Called Strike
0-1: Ball
1-1: Ball
2-1: Called Strike
2-2: Ball
3-2: SINGLE (Line Drive, 9S)
Juan Rico to second
Batting: SHB Jorge Alou 0-0: Ball
1-0: Ball
2-0: Foul Ball, location: 2F
2-1: Foul Ball, location: 2F
2-2: Ball
3-2: SINGLE (Line Drive, 3D)
Juan Rico to third
Karsten Naarden to second
Batting: LHB Mark Armstead 0-0: Ball
1-0: Called Strike
1-1: Foul Ball, location: 2F
1-2: Ball
2-2: Ball
3-2: Foul Ball, location: 2F
3-2: Foul Ball, location: 2F
3-2: Base on Balls
Juan Rico scores
Karsten Naarden to third
Jorge Alou to second
Batting: LHB Juan Alvarado 0-0: Ball
1-0: Ball
2-0: SINGLE (Groundball, 4MD)
Karsten Naarden scores
Jorge Alou to third
Mark Armstead to second
Runner from 3rd tries for Home, throw and OUT!
Batting: SHB Kilipaki Malamapono 0-0: Called Strike
0-1: Ball
1-1: Called Strike
1-2: Ball
2-2: Foul Ball, location: 2F
2-2: Ball
3-2: Fly out, F8 (Line Drive, 8LM)
Top of the 9th over - 4 runs, 6 hits, 0 errors, 2 left on base; Billings 13 - Ottawa 5
BOTTOM OF THE 9TH
Ottawa Nationals batting - Pitching for Billings Polar Bears : LHP Tadeo Pico
Now at 1B: Rusty Nicholson
Batting: RHB Tomás Bermúdez 0-0: Foul Ball, location: 2F
0-1: Called Strike
0-2: Strikes out looking
Batting: RHB Júlio Robles 0-0: Ball
1-0: Ball
2-0: Fly out, F8 (Line Drive, 8LM)
Batting: RHB Mike Jennings 0-0: Ball
1-0: Called Strike
1-1: Foul Ball, location: 2F
1-2: Fly out, F8 (Flyball, 8LXD)
Bottom of the 9th over - 0 runs, 0 hits, 0 errors, 0 left on base; Billings 13 - Ottawa 5
Tuesday, June 12th, 2018 - OOTP Baseball 18.8 Build 76